 Dungeon Crawl Stone Soup version 0.29-a0-266-gf56f883ddd (webtiles) character file.

Game seed: 5361160949446136974

130 freelancePsychic the Grave Robber (level 4, -4/36 HPs)
             Began as a Draconian Necromancer on Mar 6, 2022.
             Was a Believer of Fedhas.
             Killed from afar by an orc wizard (6 damage)
             ... with a puff of flame
             ... on level 3 of the Dungeon.
             The game lasted 00:08:43 (3304 turns).

freelancePsychic the Grave Robber (DrNe)            Turns: 3304, Time: 00:08:44

Health: -4/36      AC:  6    Str: 11    XL:     4   Next: 89%
Magic:  7/8        EV: 12    Int: 17    God:    Fedhas [**....]
Gold:   111        SH:  5    Dex: 11    Spells: 4/8 levels left

rFire   . . .      SeeInvis .   o - +1 dagger (pain)
rCold   . . .      Faith    .   (no shield)
rNeg    . . .      Spirit   .   (body armour unavailable)
rPois   .          Reflect  +   (helmet restricted)
rElec   .          Harm     .   p - +0 cloak
rCorr   .          Rampage  .   (no gloves)
Will    .....      Clarity  +   (no boots)
Stlth   ++........              i - amulet of reflection
HPRegen 0.12/turn               c - ring of wizardry
MPRegen 0.11/turn               (no ring)

@: mighty, flying, hasted, very quick
A: AC +5, unfitting armour, cold-blooded, big wings, clarity
a: Renounce Religion, Wall of Briars


You were on level 3 of the Dungeon.
You worshipped Fedhas.
Fedhas was pleased with you.
You visited 1 branch of the dungeon, and saw 4 of its levels.

You collected 111 gold pieces.

Inventory:

Hand Weapons
 b - a +0 spear
 e - a +1 dagger of protection
 o - a +1 dagger of pain (weapon)
Armour
 p - a +0 cloak (worn)
Jewellery
 a - an amulet of guardian spirit
 c - a ring of wizardry (left hand)
 i - an amulet of reflection (around neck)
Scrolls
 d - a scroll of amnesia
 f - a scroll of fear
 l - a scroll of identify {unknown}
Potions
 m - a potion of cancellation {unknown}
 n - a potion of flight {unknown}


   Skills:
 + Level 2.2 Fighting
 + Level 0.0 Short Blades
 - Level 1.7 Dodging
 - Level 1.7 Stealth
 + Level 2.8 Spellcasting
 + Level 4.9 Necromancy
 + Level 1.6 Invocations


You had 4 spell levels left.
You knew the following spells:

 Your Spells              Type           Power      Damage    Failure   Level
a - Pain                  Necr           76%        1d7       1%          1
b - Vampiric Draining     Necr           19%        2d7       2%          3

Your spell library contained the following spells:

 Spells                   Type           Power      Damage    Failure   Level
 Animate Skeleton         Necr           38%        N/A       1%          1
 Animate Dead             Necr           9%         N/A       9%          4
 Portal Projectile        Hex/Tloc       4%         N/A       21%         3
 Tukima's Dance           Hex            2%         N/A       21%         3
 Passage of Golubria      Tloc           2%         N/A       54%         4
 Agony                    Necr           19%        N/A       26%         5
 Excruciating Wounds      Necr           9%         N/A       26%         5
 Blade Hands              Tmut           1%         N/A       86%         5
 Yara's Violent Unravell  Hex/Tmut       1%         3d3       86%         5


Dungeon Overview and Level Annotations

Branches:
Dungeon (4/15)
 Temple: D:4-7

Altars:
Elyvilon
Fedhas

Annotations:
D:3 Sigmund


Innate Abilities, Weirdness & Mutations

Your plain brown scales are hard. (AC +5)
You cannot fit into any form of body armour.
You are cold-blooded and may be slowed by cold attacks.
Your large and strong wings let you fly.
You possess an exceptional clarity of mind.


Message History

You see here 3 poisoned darts.
You bump into the rock wall.
A magic dart appears from out of thin air!
The magic dart hits you!
A magic dart appears from out of thin air!
The magic dart hits you. The orc wizard casts a spell at you.
The magic dart hits you.
The orc wizard hits you with a +0 dagger.
You hear some strange, mumbled words.
You are more confused.
You hear some strange, mumbled words.
Something tries to affect you, but you resist.
There is a stone staircase leading up here.
The orc wizard misses you.
You climb upwards.
Level annotation: Sigmund Reactivating autopickup.
There is a stone staircase leading down here.
You hit the orc wizard.
The orc wizard writhes in agony.
The orc wizard is severely wounded.
The orc wizard closely misses you.
Okay, then.
The orc wizard points at you and mumbles some strange words.
The magic dart hits you!
* * * LOW HITPOINT WARNING * * *
It was a potion of haste.
You feel yourself speed up. The orc wizard barely misses you.
It was a potion of mutation.
You feel extremely strange.
Your wings grow larger and stronger.
Your thoughts seem clearer.
It was a potion of might.
You feel very mighty all of a sudden.
The orc wizard hits you but does no damage.
You miss the orc wizard.
The orc wizard is severely wounded.
You feel less confused. The orc wizard casts a spell at you.
The puff of flame hits you.
You die...
Fedhas appreciates your contribution to the ecosystem.

#.# #.# ###'######
#.........
#.........
#.........
#########.........
#o>.....'.........
#@.######.........
#.†# #............
#..# #.######+#'##
#..# #.# #.#.##
#..###.######.#.#<
#.................
#..##..########.#.
#..#............#.
#..###.##########.


You could see an orc wizard.

Vanquished Creatures
  Terence (D:2)
  Robin (D:3)
  2 adders
  A dart slug (D:3)
  6 orcs
  7 ball pythons
  8 bats
  7 endoplasms
  4 giant cockroaches
  11 goblins
  5 hobgoblins
  A quokka (D:3)
  3 frilled lizards
  5 kobolds
  6 rats
68 creatures vanquished.

Vanquished Creatures (others)
  3 fungi (D:1)
  4 plants (D:1)
7 creatures vanquished.

Grand Total: 75 creatures vanquished

Notes
Turn   | Place    | Note
-------+----------+-------------------------------------------
     0 | D:1      | freelancePsychic the Draconian Necromancer began the quest
                  | for the Orb.
     0 | D:1      | Reached XP level 1. HP: 14/14 MP: 3/3
   176 | D:1      | You fall into a shaft and drop 1 floor!
   521 | D:1      | Reached XP level 2. HP: 18/22 MP: 0/5
   701 | D:1      | Reached skill level 1 in Fighting
   922 | D:1      | Found a faded altar of an unknown god.
  1168 | D:1      | Prayed at the altar of an unknown god.
  1168 | D:1      | Became a worshipper of Fedhas Madash
  1168 | D:1      | Reached * piety under Fedhas
  1296 | D:1      | Reached XP level 3. HP: 24/28 MP: 1/6
  1381 | D:1      | Learned a level 3 spell: Vampiric Draining
  1439 | D:2      | Noticed Terence
  1451 | D:2      | Killed Terence
  1794 | D:2      | Reached skill level 1 in Invocations
  2022 | D:3      | Reached XP level 4. HP: 35/36 MP: 5/7
  2230 | D:3      | Reached ** piety under Fedhas
  2482 | D:3      | Noticed Robin
  2525 | D:3      | Killed Robin
  2725 | D:3      | Found a white marble altar of Elyvilon.
  2744 | D:3      | Noticed Sigmund
  3054 | D:4      | Noticed a phantom
  3300 | D:3      | HP: 1/36 [orc wizard/magic dart (10)]
  3302 | D:3      | Gained mutation: Your large and strong wings let you fly.
                  | [potion of mutation]
  3302 | D:3      | Gained mutation: You possess an exceptional clarity of
                  | mind. [potion of mutation]
  3304 | D:3      | Killed from afar by an orc wizard

Illustrated notes

Levels and vault maps discovered:
D:1:      minmay_arrival_open_corners, layout_rooms,
          dreamdust_ecumenical_altar_grove, minivault_19
D:2:      layout_basic, uniq_terence
D:3:      layout_basic, nicolae_overflow_crystal_walls, uniq_robin, uniq_sigmund
D:4:      layout_loops_cross, feat_on_display

Skill      XL: |  1  2  3  4 |
---------------+-------------+-----
Fighting       | 1 2 |  2.2
Invocations    | 1 |  1.6
Dodging        | |  1.7
Stealth        | |  1.7
Spellcasting   | |  2.8
Necromancy     | |  4.9

Action                   |  1- 3 |  4- 6 || total
-------------------------+-------+-------++-------
Melee: Spear             |    25 |       ||    25
       Dagger            |    10 |    32 ||    42
       Tailslap          |     1 |     6 ||     7
 Cast: Pain              |    50 |    31 ||    81
       Vampiric Draining |     1 |     7 ||     8
  Use: Potion            |     1 |     3 ||     4
       Scroll            |       |     6 ||     6
 Stab: Sleeping          |       |     3 ||     3
Armor: Skin              |    17 |     9 ||    26
Dodge: Dodged            |    32 |    27 ||    59
Block: Other             |       |     2 ||     2

Table legend: (Time is in decaauts)
 A = Elapsed time spent in this place.
 B = Non-inter-level travel time spent in this place.
 C = Inter-level travel time spent in this place.
 D = Time resting spent in this place.
 E = Time spent auto-exploring this place.
 F = Levels seen in this place.
 G = Mean time per level.
                   A        B        C        D        E       F      G
               +--------+--------+--------+--------+--------+-----+--------+
         Total |   3307 |   3167 |    140 |    421 |   2239 |   4 |  826.8 |
       Dungeon |   3307 |   3167 |    140 |    421 |   2239 |   4 |  826.8 |
               +--------+--------+--------+--------+--------+-----+--------+

Top non-repeatable levels by time:
     D:1: 1303 daAuts
     D:3: 1159 daAuts
     D:2: 701 daAuts
     D:4: 143 daAuts
